 Dungeon Crawl Stone Soup version 0.31-a0-150-g89dc3ad700 (webtiles) character file.

Game seed: 6265911358614132239

799 jlumianski the Ducker (level 8, -12/53 HPs)
             Began as a Djinni Fire Elementalist on June 8, 2023.
             Was a Follower of Makhleb.
             Mangled by Duvessa
             ... wielding a +0 short sword
              (14 damage)
             ... on level 5 of the Dungeon.
             The game lasted 00:27:13 (5395 turns).

jlumianski the Ducker (Djinni Fire Elementalist)    Turns: 5395, Time: 00:27:15

Health: -12/53     AC:  5    Str:  7    XL:     8   Next: 13%
Gold:   142        EV: 14    Int: 19    God:    Makhleb [*.....] SH:  0 Dex: 14

rFire   + + .        b - staff of conjuration
rCold   x . .        (no shield)
rNeg    . . .        a - +0 robe
rPois   ∞            (no helmet)
rElec   .            B - +2 cloak
rCorr   .            (no gloves)
SInv    .            (boots unavailable)
Will    +....        o - amulet of faith
Stlth   ++           C - ring of willpower
HPRegen 0.28/turn    (no ring)
MPRegen 0.00/turn

%: faith, infuse magic (-13 HP)
@: confusing by touch, flying, very slightly contaminated
A: sickness immunity, fire resistance 2, cold vulnerability 1, float, innate
caster, HP casting, extra vitality 1
a: Renounce Religion


You were on level 5 of the Dungeon.
You worshipped Makhleb.
Makhleb was aware of your devotion.
You visited 2 branches of the dungeon, and saw 7 of its levels.

You collected 262 gold pieces.
You spent 120 gold pieces at shops.

Inventory:

Missiles
 h - 5 javelins
 k - 8 poisoned darts
 x - a curare-tipped dart
Armour
 a - a +0 robe (worn)
 B - a +2 cloak (worn)
Magical Staves
 b - a staff of conjuration (weapon)
Jewellery
 o - an amulet of faith (around neck)
 C - a ring of willpower (left hand)
Wands
 n - a wand of flame (12)
 v - a wand of polymorph (7)
Scrolls
 c - a scroll of enchant armour {unknown}
 d - 2 scrolls of noise
 g - a scroll of vulnerability {unknown}
 j - a scroll of magic mapping {unknown}
 r - a scroll of fear {unknown}
 y - a scroll of fog {unknown}
 z - a scroll of poison {unknown}
 D - a scroll of blinking {unknown}
Potions
 e - 2 potions of mutation {unknown}
 f - 2 potions of enlightenment {unknown}
 i - a potion of degeneration
 l - a potion of haste
 m - 3 potions of heal wounds
 p - 3 potions of curing {unknown}
 q - a potion of lignification
 s - a potion of ambrosia {unknown}
 t - 2 potions of invisibility
 u - a potion of attraction {unknown}
 A - a potion of berserk rage {unknown}
Miscellaneous
 w - a box of beasts


   Skills:
 + Level 1.7 Fighting
 + Level 1.1 Staves
 + Level 5.1 Dodging
 + Level 3.3 Stealth
 * Level 4.6 Spellcasting
 * Level 4.6 Conjurations
 * Level 4.6 Hexes
 * Level 4.6 Summonings
 * Level 4.6 Necromancy
 * Level 4.6 Translocations
 * Level 4.6 Transmutations
 * Level 4.6 Fire Magic
 * Level 4.6 Ice Magic
 * Level 4.6 Air Magic
 * Level 4.6 Earth Magic
 * Level 4.6 Poison Magic
 * Level 3.2 Invocations


You knew the following spells:

 Your Spells              Type           Power      Damage    Failure   Level
a - Foxfire               Conj/Fire      100%       2x1d9     1%          1
b - Scorch                Fire           44%        2d6       3%          2
c - Volatile Blastmotes   Fire/Tloc      44%        2d13      6%          3
d - Inner Flame           Hex/Fire       22%        N/A       6%          3
e - Flame Wave            Conj/Fire      33%        2d10      19%         4
f - Beastly Appendage     Tmut           44%        N/A       1%          1
g - Lesser Beckoning      Tloc           44%        N/A       3%          2
h - Confusing Touch       Hex            22%        N/A       6%          3
Your spell library was empty.

Dungeon Overview and Level Annotations

Branches:
Dungeon (6/15)             Temple (1/1) D:4

Altars:
Ashenzari
Cheibriados
Elyvilon
Gozag
Hepliaklqana
Makhleb
Nemelex Xobeh
Okawaru
Trog
Uskayaw
Xom
Zin
The Shining One

Shops:
D:3 !

Annotations:
D:5 Dowan, Duvessa


Innate Abilities, Weirdness & Mutations

You are immune to sickness and miasma.
You are immune to poison.
Your flesh is very heat resistant. (rF++)
You are vulnerable to cold. (rC-)
You float through the air rather than walking.
You learn spells naturally, not from books.
Your magical power is your life essence.
You have superior vitality. (+4 MHP)


Message History

Confirm with . or Enter, or press ? or * to list all spells.
Okay, then.
Casting: Confusing Touch (dangerous; 6% risk of failure)
Confirm with . or Enter, or press ? or * to list all spells.
Your hands begin to glow red.
Casting: Confusing Touch (dangerous; 6% risk of failure)
Confirm with . or Enter, or press ? or * to list all spells.
You miscast Beastly Appendage.
Nothing appears to happen.
Duvessa hits you with a +0 short sword.
You hit Duvessa but do no damage.
Duvessa is lightly wounded.
Duvessa hits you with a +0 short sword!
You barely miss Duvessa.
Duvessa is lightly wounded.
Duvessa hits you with a +0 short sword!
You hit Duvessa but do no damage.
Duvessa is lightly wounded.
Duvessa hits you with a +0 short sword.
* * * LOW HITPOINT WARNING * * *
You hit Duvessa but do no damage.
Duvessa is lightly wounded.
You hit Duvessa but do no damage.
Duvessa is lightly wounded.
Duvessa hits you with a +0 short sword!
* * * LOW HITPOINT WARNING * * *
Duvessa hits you but does no damage.
You hit Duvessa but do no damage. Your punch misses Duvessa.
Duvessa is lightly wounded.
Duvessa closely misses you.
You hit Duvessa but do no damage. Your punch misses Duvessa.
Duvessa is lightly wounded.
Duvessa completely misses you.
Casting: Beastly Appendage (safe; 1% risk of failure)
Confirm with . or Enter, or press ? or * to list all spells.
Flames lash Duvessa.
Duvessa resists.
Duvessa is moderately wounded.
Duvessa's fire resistance burns away.
* * * LOW HITPOINT WARNING * * *
Duvessa hits you with a +0 short sword!
You die...

#...#
#...##..........#..
#...#
#.e.#..........#..
#...## #..........#..
#...#####..........#..
#...##............#..
###...#.##.........#..
#.......##.........#..
#..................#..
#....@e.......######..
#######...###.#.......
##...###.#.......
#........#.......
#.......g....##..
#........###.##..
#........###.##..
#......>.....##..
#.......#######..


You could see Duvessa (strong, combustible).

Vanquished Creatures
  An ogre (D:4)
  A centaur (D:5)
  A kobold brigand (D:6)
  A scorpion (D:5)
  A gnoll bouda (D:6)
  A hound (D:5)
  2 jellies (D:5)
  An iguana (D:5)
  A sleepcap (D:5)
  3 orc wizards
  10 gnolls
  5 adders
  An ufetubus (D:4)
  2 worms
  4 dart slugs
  8 orcs
  9 bats
  9 endoplasms
  A giant cockroach (D:1)
  14 goblins
  7 hobgoblins
  3 jackals
  16 kobolds
  2 quokkas
  9 ball pythons
  4 frilled lizards
  5 rats
  A butterfly (D:4)
123 creatures vanquished.

Vanquished Creatures (others)
  290 foxfires
290 creatures vanquished.

Grand Total: 413 creatures vanquished

Notes
Turn   | Place    | Note
-------+----------+-------------------------------------------
     0 | D:1      | jlumianski the Djinni Fire Elementalist began the quest for
                  | the Orb.
     0 | D:1      | jlumianski set off with the following spells memorised:
                  | Foxfire, Scorch, Volatile Blastmotes, Inner Flame, Flame
                  | Wave.
     0 | D:1      | Reached XP level 1. HP: 15/15 MP: 0/0
    75 | D:1      | Reached XP level 2. HP: 20/21 MP: 0/0
   191 | D:1      | Reached skill level 3 in Dodging
   257 | D:1      | Reached XP level 3. HP: 10/25 MP: 0/0
   257 | D:1      | Learned a level 1 spell: Beastly Appendage
   541 | D:2      | Reached XP level 4. HP: 21/31 MP: 0/0
  1101 | D:1      | Reached skill level 4 in Dodging
  1538 | D:2      | Reached XP level 5. HP: 34/35 MP: 0/0
  1538 | D:2      | Learned a level 2 spell: Lesser Beckoning
  2283 | D:3      | Found Kenohis's Distillery.
  2290 | D:3      | Bought a potion of heal wounds for 60 gold pieces
  2290 | D:3      | Bought a potion of heal wounds for 60 gold pieces
  2675 | D:4      | Found a hide-covered altar of Uskayaw.
  2695 | D:4      | Reached XP level 6. HP: 36/41 MP: 0/0
  2836 | D:5      | Entered Level 5 of the Dungeon
  2840 | D:5      | Noticed an ogre
  2952 | D:4      | Found a staircase to the Ecumenical Temple.
  2959 | Temple   | Entered the Ecumenical Temple
  3138 | Temple   | Became a worshipper of Makhleb the Destroyer
  3692 | D:5      | Reached skill level 1 in Fighting
  3700 | D:5      | Reached skill level 1 in Invocations
  3986 | D:5      | Reached XP level 7. HP: 13/47 MP: 0/0
  3986 | D:5      | Learned a level 3 spell: Confusing Touch
  4202 | D:5      | Reached * piety under Makhleb
  4424 | D:4      | Reached skill level 1 in Staves
  4513 | D:5      | HP: 2/47 [centaur (3)]
  4673 | D:5      | Found a hazy altar of Hepliaklqana.
  4733 | D:5      | Reached skill level 5 in Dodging
  4749 | D:5      | Reached XP level 8. HP: 51/52 MP: 0/0
  5345 | D:5      | Noticed Dowan
  5375 | D:5      | Noticed Duvessa
  5376 | D:5      | Found a bloodstained altar of Trog.
  5395 | D:5      | Mangled by Duvessa

Illustrated notes

Levels and vault maps discovered:
D:1:      scummos_arrival_hexagon, layout_basic, minmay_3d_cube
D:2:      layout_basic
D:3:      layout_basic, serial_shops, nicolae_shop_just_a_little_nook,
          minmay_checkerbox
D:4:      layout_basic, nicolae_uskayaw_murder_on_the_dancefloor,
          minmay_temple_entry_butterflies
D:5:      layout_basic, nicolae_hepliaklqana_hippocampus,
          nzn_overflow_gifts_of_might_and_magic
D:6:      layout_cave_pools
Temple:   grunt_temple_mini_profane

Skill      XL: |  1  2  3  4  5  6  7 |
---------------+----------------------+-----
Spellcasting   | 4 |  4.6
Conjurations   | 4 |  4.6
Hexes          | 4 |  4.6
Summonings     | 4 |  4.6
Necromancy     | 4 |  4.6
Translocations | 4 |  4.6
Transmutations | 4 |  4.6
Fire Magic     | 4 |  4.6
Ice Magic      | 4 |  4.6
Air Magic      | 4 |  4.6
Earth Magic    | 4 |  4.6
Poison Magic   | 4 |  4.6
Dodging        | 3 4 5 |  5.1
Stealth        | 2 3 |  3.3
Fighting       | 1 |  1.7
Invocations    | 1 3 |  3.2
Staves         | 1 |  1.1

Action                     |  1- 3 |  4- 6 |  7- 9 || total
---------------------------+-------+-------+-------++-------
  Melee: Staff             |    11 |    44 |    20 ||    75
         Headbutt          |       |     4 |       ||     4
   Cast: Foxfire           |    27 |    99 |    35 ||   161
         Beastly Appendage |       |     4 |       ||     4
         Lesser Beckoning  |       |     1 |       ||     1
         Scorch            |       |       |     5 ||     5
         Confusing Touch   |       |       |     2 ||     2
    Use: Scroll            |       |     3 |     1 ||     4
         Potion            |       |     1 |     2 ||     3
 Armour: Robe              |     6 |     8 |     5 ||    19
  Dodge: Dodged            |    14 |    64 |    43 ||   121

Table legend: (Time is in decaauts)
 A = Elapsed time spent in this place.
 B = Non-inter-level travel time spent in this place.
 C = Inter-level travel time spent in this place.
 D = Time resting spent in this place.
 E = Time spent auto-exploring this place.
 F = Levels seen in this place.
 G = Mean time per level.
                   A        B        C        D        E       F      G
               +--------+--------+--------+--------+--------+-----+--------+
         Total |   5424 |   5377 |     47 |   1380 |   2483 |   7 |  774.9 |
       Dungeon |   5175 |   5128 |     47 |   1380 |   2316 |   6 |  862.5 |
        Temple |    248 |    248 |      0 |      0 |    167 |   1 |  248.0 |
               +--------+--------+--------+--------+--------+-----+--------+

Top non-repeatable levels by time:
     D:5: 1388 daAuts
     D:1: 1203 daAuts
     D:3: 982 daAuts
     D:4: 940 daAuts
     D:2: 420 daAuts
  Temple: 248 daAuts
     D:6: 240 daAuts
